 Dungeon Crawl Stone Soup version 0.19.5 (webtiles) character file.

11196 Barra the Basher (level 11, -11/100 HPs)
             Began as a Minotaur Berserker on Mar 29, 2017.
             Was a High Priest of Trog.
             Mangled by ShornTheSheep's ghost (21 damage)
             ... on level 6 of the Lair of Beasts.
             The game lasted 00:24:14 (9696 turns).

Barra the Basher (Minotaur Berserker)               Turns: 9696, Time: 00:24:15

Health: -11/100    AC: 19    Str: 24    XL:     11   Next: 46%
Magic:  0/10       EV: 10    Int:  4    God:    Trog [*****.]
Gold:   480        SH:  0    Dex: 11    Spells: 0 memorised, 10 levels left

rFire  x . .     SeeInvis .     g - +1 flail (freeze)
rCold  + . .     Gourm    .     I - +5 plate armour
rNeg   . . .     Faith    +     (no shield)
rPois  .         Spirit   .     (helmet restricted)
rElec  .         Reflect  .     (no cloak)
rCorr  .         Harm     .     (no gloves)
MR     .....                    (no boots)
Stlth  ..........               O - amulet of faith
                                (no ring)
                                K - ring of ice

@: exhausted, starving, slowed, very slow
A: retaliatory headbutt, horns 2
a: Berserk, Trog's Hand, Brothers in Arms, Burn Spellbooks, Renounce Religion


You were on level 6 of the Lair of Beasts.
You worshipped Trog.
Trog was extremely pleased with you.
You were starving.

You visited 2 branches of the dungeon, and saw 12 of its levels.
You also visited: Ossuary.

You collected 480 gold pieces.

Inventory:

Hand Weapons
 g - a +1 flail of freezing (weapon)
 M - a +0 glaive
 N - the +10 flail "Starlight" {crush, rElec MR- Dex+4, unknown}
   (You found it on level 8 of the Dungeon)

   It inflicts extra damage upon your enemies.
   It affects your dexterity (+4).
   It insulates you from electricity.
   It affects your resistance to hostile enchantments.
Missiles
 v - 4 tomahawks of returning (quivered)
 A - 8 tomahawks
Armour
 I - a +5 plate armour (worn)
Jewellery
 K - a ring of ice (left hand)
 O - an amulet of faith (around neck)
Wands
 i - a wand of digging (9/24)
 n - a wand of teleportation (4/9)
 D - a wand of flame (18/48)
 E - a wand of flame (27/48)
 F - a wand of lightning (6/15)
 G - a wand of acid (12/15)
 H - a wand of slowing (31/48)
Scrolls
 a - 2 scrolls of recharging
 b - a scroll of teleportation
 k - 9 scrolls of remove curse
 q - 3 scrolls of magic mapping
 y - a scroll of blinking
Potions
 d - a potion of might
 e - 3 potions of flight
 h - a potion of magic {unknown}
 j - 5 potions of degeneration {unknown}
 m - 3 potions of ambrosia {unknown}
 p - 2 potions of haste {unknown}
 r - 2 potions of beneficial mutation {unknown}
 s - a potion of lignification {unknown}
 t - 3 potions of invisibility
 u - 2 potions of cure mutation {unknown}
 w - a potion of heal wounds
 x - a potion of agility {unknown}
 B - 2 potions of curing
 C - a potion of brilliance {unknown}
 J - a potion of berserk rage {unknown}
 L - a potion of mutation {unknown}
Comestibles
 c - 11 bread rations
 l - 6 meat rations
 o - 34 fruits


   Skills:
 + Level 10.2 Fighting
   Level 7.6(11.3) Axes
 + Level 13.0(13.6) Maces & Flails
 + Level 2.0 Throwing
 + Level 9.6 Armour
 + Level 7.2 Dodging
 + Level 2.5 Stealth


You had 10 spell levels left.
You didn't know any spells.

Dungeon Overview and Level Annotations

Branches:
Dungeon (8/15)             Temple (0/1) D:5            Lair (3/6) D:8
  Snake (0/4) Lair:3
  Swamp: Lair:2-4    Shoals: Lair:2-4

Altars:
The Shining One

Shops:
D:5 :   D:6 ?   D:8 :

Annotations:
Lair:6 ShornTheSheep's ghost, journeyman GrBe


Innate Abilities, Weirdness & Mutations

You reflexively headbutt those who attack you in melee.
You have a pair of horns on your head.


Message History

You headbutt ShornTheSheep's ghost!
ShornTheSheep's ghost is severely damaged.
ShornTheSheep's ghost hits you!!
* * * LOW HITPOINT WARNING * * *
The blink frog blinks!
ShornTheSheep's ghost misses you.
You closely miss ShornTheSheep's ghost.
ShornTheSheep's ghost is severely damaged.
ShornTheSheep's ghost barely misses you.
You furiously retaliate!
You headbutt ShornTheSheep's ghost, but do no damage.
You're too hungry.
Your plate armour prevents you from hitting ShornTheSheep's ghost.
Your headbutt misses ShornTheSheep's ghost.
ShornTheSheep's ghost is severely damaged.
ShornTheSheep's ghost hits you but does no damage.
Your plate armour prevents you from hitting ShornTheSheep's ghost.
You headbutt ShornTheSheep's ghost, but do no damage.
ShornTheSheep's ghost is severely damaged.
ShornTheSheep's ghost hits you!!
You die...
P. ##. #Pt

.. ### #. ### ##@#
##.##.######W##
#..P...#...Y###
#..........Y..#
.................#
..W#..............#
##
#.............#.#
##.............##
#.........?....#


You could see 2 elephants and ShornTheSheep's ghost.

Vanquished Creatures
  Fannar (Lair:3)
  2 hydras
  The ghost of Schimscham the Firebug, a novice OpFE of Sif Muna (D:8)
  3 elephants (Lair:6)
  2 komodo dragons
  2 blink frogs (Lair:6)
  2 hippogriffs
  The ghost of Schimscham the Firebug, an amateur OpFE (D:3)
  A wyvern (D:8)
  5 yaks (Lair:3)
  2 hungry ghosts (D:8)
  4 porcupines
  3 water moccasins
  2 sky beasts
  A hornet zombie (D:8)
  A necrophage (D:6)
  5 ice beasts
  2 ogres
  9 wolves
  2 centaurs
  4 crocodiles
  A big kobold (D:8)
  7 bullfrogs
  9 scorpions (Ossuary)
  A water moccasin skeleton (D:5)
  4 killer bees (D:7)
  A howler monkey (D:6)
  An electric eel (Lair:3)
  6 crimson imps
  3 hounds
  A centaur skeleton (D:5)
  A jelly (D:7)
  3 orc priests
  2 bullfrog skeletons
  2 human zombies (Ossuary)
  Jessica (D:3)
  2 iguanas
  3 orc wizards (D:4)
  3 worker ants
  2 big kobold zombies (Ossuary)
  A hound zombie (D:5)
  3 mummies (Ossuary)
  4 scorpion zombies (Ossuary)
  6 gnolls
  6 adders
  A howler monkey skeleton (D:6)
  A shadow imp (D:5)
  An adder zombie (D:5)
  2 worms (D:2)
  4 dart slugs
  7 leopard geckos
  12 orcs
  4 ball pythons
  3 bats
  6 giant cockroaches
  10 goblins
  7 hobgoblins
  13 jackals
  3 quokkas
  A frilled lizard (D:2)
  2 gnoll zombies (Ossuary)
  2 goblin zombies (Ossuary)
  3 hobgoblin zombies (Ossuary)
  A jackal skeleton (D:8)
  7 kobolds
  2 kobold zombies (Ossuary)
  An orc zombie (Ossuary)
  5 rats
  A plant (Lair:3)
227 creatures vanquished.

Vanquished Creatures (others)
  An orc zombie (Ossuary)
  2 fungi
  3 plants
6 creatures vanquished.

Grand Total: 233 creatures vanquished

Notes
Turn   | Place    | Note
-------+----------+-------------------------------------------
     0 | D:1      | Barra the Minotaur Berserker began the quest for the Orb.
     0 | D:1      | Reached XP level 1. HP: 19/19 MP: 0/0
   119 | D:1      | Reached XP level 2. HP: 18/27 MP: 1/1
   612 | D:1      | Reached XP level 3. HP: 28/33 MP: 2/2
   884 | D:2      | Reached ** piety under Trog
  1139 | D:2      | Reached XP level 4. HP: 36/41 MP: 3/3
  1308 | D:3      | Reached skill level 5 in Axes
  1413 | D:3      | Noticed Jessica
  1423 | D:3      | Killed Jessica
  1423 | D:3      | Reached XP level 5. HP: 41/47 MP: 4/4
  1500 | D:3      | Noticed Schimscham's ghost (amateur OpFE)
  1506 | D:3      | Killed Schimscham's ghost
  1506 | D:3      | Reached skill level 5 in Fighting
  1506 | D:3      | Reached XP level 6. HP: 56/56 MP: 5/5
  3047 | D:4      | Reached XP level 7. HP: 40/62 MP: 6/6
  3165 | D:5      | Entered Level 5 of the Dungeon
  3180 | D:5      | Reached *** piety under Trog
  3225 | D:5      | Reached skill level 1 in Maces & Flails
  3292 | D:5      | Reached skill level 1 in Stealth
  3298 | D:5      | Found a staircase to the Ecumenical Temple.
  3477 | D:5      | Reached skill level 1 in Throwing
  3498 | D:5      | Reached skill level 2 in Maces & Flails
  3877 | D:5      | Found Eguqan's Book Boutique.
  3921 | D:5      | Reached skill level 3 in Maces & Flails
  4302 | D:6      | Found a sand-covered staircase.
  4307 | Ossuary  | Entered an ossuary
  4337 | Ossuary  | Reached skill level 4 in Maces & Flails
  4354 | Ossuary  | Reached XP level 8. HP: 54/70 MP: 7/7
  4380 | Ossuary  | Reached skill level 5 in Maces & Flails
  4380 | Ossuary  | Reached skill level 5 in Dodging
  4527 | Ossuary  | Reached **** piety under Trog
  4527 | Ossuary  | Reached skill level 6 in Maces & Flails
  4666 | D:6      | Reached skill level 7 in Maces & Flails
  4699 | D:6      | Found Xopigasch's Magic Scroll Boutique.
  5050 | D:6      | Reached XP level 9. HP: 79/79 MP: 8/8
  5418 | D:7      | Reached skill level 8 in Maces & Flails
  5570 | D:7      | Found a glowing golden altar of the Shining One.
  5690 | D:7      | Reached skill level 5 in Armour
  6198 | D:8      | Found Zuylobb's Book Emporium.
  6230 | D:8      | Reached skill level 9 in Maces & Flails
  6465 | D:8      | Noticed Schimscham's ghost (novice OpFE)
  6474 | D:8      | Killed Schimscham's ghost
  6474 | D:8      | Reached XP level 10. HP: 56/90 MP: 9/9
  6485 | D:8      | Reached ***** piety under Trog
  6534 | D:8      | Reached skill level 10 in Maces & Flails
  6822 | D:8      | Found a staircase to the Lair.
  7000 | D:8      | Got a slimy flail
  7136 | Lair:1   | Entered Level 1 of the Lair of Beasts
  7598 | Lair:1   | Reached skill level 11 in Maces & Flails
  8157 | Lair:1   | Received a gift from Trog
  8381 | Lair:2   | Noticed a six-headed hydra
  8391 | Lair:2   | Killed a six-headed hydra
  8675 | Lair:3   | Noticed Fannar
  8695 | Lair:3   | Killed Fannar
  8699 | Lair:3   | Reached XP level 11. HP: 94/99 MP: 10/10
  9032 | Lair:3   | Found a staircase to the Snake Pit.
  9071 | Lair:3   | Noticed an eight-headed hydra
  9074 | Lair:3   | Reached skill level 12 in Maces & Flails
  9095 | Lair:3   | Killed an eight-headed hydra
  9103 | Lair:3   | Reached skill level 10 in Fighting
  9625 | Lair:3   | You fall through a shaft for 3 floors!
  9625 | Lair:6   | Entered Level 6 of the Lair of Beasts
  9625 | Lair:6   | Noticed ShornTheSheep's ghost (journeyman GrBe)
  9670 | Lair:6   | Reached skill level 13 in Maces & Flails
  9696 | Lair:6   | Mangled by ShornTheSheep's ghost

Skill      XL: |  1  2  3  4  5  6  7  8  9 10 11 |
---------------+----------------------------------+-----
Axes           | 4 5 6 7 |  7.6
Fighting       | 4 5 6 7 8 9 10 | 10.2
Dodging        | 3 4 5 6 7 |  7.2
Maces & Flails | 4 7 9 11 13 | 13.0
Armour         | 3 4 6 8 9 |  9.6
Stealth        | 1 2 |  2.5
Throwing       | 1 2 |  2.0

Action                   |  1- 3 |  4- 6 |  7- 9 | 10-12 || total
-------------------------+-------+-------+-------+-------++-------
Melee: Hand axe          |    77 |    68 |       |       ||   145
       Headbutt          |    11 |    13 |    57 |    61 ||   142
       Flail             |       |    16 |   283 |   260 ||   559
Throw: Tomahawk          |       |     5 |     4 |     1 ||    10
Invok: Berserk           |       |     1 |     1 |     3 ||     5
       Brothers in Arms  |       |       |       |     1 ||     1
Evoke: Wand              |       |       |       |     3 ||     3
  Use: Scroll            |       |    11 |    10 |     9 ||    30
       Potion            |       |       |     3 |     3 ||     6
 Stab: Sleeping          |     1 |       |     1 |       ||     2
  Eat: Chunk             |       |     5 |    10 |     5 ||    20
       Beef jerky        |       |     1 |       |       ||     1
       Fruit             |       |       |     3 |       ||     3
       Pizza             |       |       |     1 |     1 ||     2
       Meat ration       |       |       |       |     1 ||     1
Armor: Animal skin       |     7 |     7 |       |       ||    14
       Ring mail         |       |    13 |    92 |    11 ||   116
       Plate armour      |       |       |       |   113 ||   113
Dodge: Dodged            |    40 |    51 |   196 |   115 ||   402
